 Dungeon Crawl Stone Soup version 0.23-a0-141-g456867d (webtiles) character file.

117 Amnesiac the Vexing (level 4, 0/32 HPs)
             Began as a Mummy Arcane Marksman on Aug 31, 2018.
             Killed by divine providence
             ... invoked by an orc priest
              (10 damage)
             ... on level 3 of the Dungeon.
             The game lasted 00:04:41 (3269 turns).

Amnesiac the Vexing (Mummy Arcane Marksman)         Turns: 3269, Time: 00:04:41

Health: 0/32       AC:  7    Str: 13    XL:     4   Next: 71%
Magic:  1/8        EV: 13    Int: 13    God:
Gold:   159        SH:  0    Dex: 12    Spells: 2/9 levels left

rFire    x . .     SeeInvis .   o - +0 trident (curse)
rCold    + . .     Gourm    .   (no shield)
rNeg     + + +     Faith    .   k - +1 ring mail
rPois    ∞         Spirit   .   f - +0 helmet (curse)
rElec    .         Reflect  .   (no cloak)
rCorr    .         Harm     .   (no gloves)
MR       .....                  (no boots)
Stlth    +.........             (no amulet)
HPRegen  0.10/turn              c - +3 ring of evasion
MPRegen  0.11/turn              (no ring)

@: very slightly contaminated
A: no food or potions, fire vulnerability, cold resistance 1, negative energy
resistance 3, torment resistance, unbreathing
a: no special abilities


You were on level 3 of the Dungeon.
You were not hungry.

You visited 1 branch of the dungeon, and saw 4 of its levels.

You collected 159 gold pieces.

Inventory:

Hand Weapons
 a - a +1 hand crossbow
 b - a +0 morningstar
 l - a +0 hunting sling
 o - a cursed +0 trident (weapon)
Missiles
 d - 13 bolts
 i - 158 stones (quivered)
 j - 31 sling bullets
Armour
 e - a +0 robe
 f - a cursed +0 helmet (worn)
 k - a +1 ring mail (worn)
Jewellery
 c - a +3 ring of evasion (left hand)
Wands
 h - a wand of digging (8)
Scrolls
 g - 2 scrolls of identify {!r}
 m - a scroll of magic mapping {!r}
 n - a scroll of immolation {!r}


   Skills:
 - Level 1.0 Fighting
 + Level 2.9 Crossbows
 - Level 1.5 Dodging
 + Level 3.0 Spellcasting
 * Level 3.6 Hexes


You had 2 spell levels left.
You knew the following spells:

 Your Spells              Type           Power        Failure   Level  Hunger
a - Corona                Hex            ##.....      12%         1    N/A
b - Cause Fear            Hex            ##........   75%         4    N/A
e - Slow                  Hex            ##......     17%         2    N/A

Your spell library contained the following spells:

 Spells                   Type           Power        Failure   Level  Hunger
 Inner Flame              Hex/Fire       #.......     58%         3    N/A
 Portal Projectile        Hex/Tloc       #.....       58%         3    N/A
 Leda's Liquefaction      Hex/Erth       #.........   94%         4    N/A

Dungeon Overview and Level Annotations

Branches:
Dungeon (4/15)
 Temple: D:4-7

Altars:

Annotations:
D:2 Terence
D:3 2 runed doors, CcS's ghost, amateur GnSu
D:4 1 runed door, HydraWiggins's ghost, amateur TrAE


Innate Abilities, Weirdness & Mutations

You do not eat or drink.
Your flesh is vulnerable to fire.
You are immune to poison.
Your flesh is cold resistant. (rC+)
You are immune to negative energy. (rN+++)
You are immune to unholy pain and torment.
You can survive without breathing.


Message History

You start resting.
HP restored.
You climb downwards.
Level annotation: 1 runed door, HydraWiggins's ghost, amateur TrAE
There is a stone staircase leading up here.
Casting: Corona (safe; 12% risk of failure)
Confirm with . or Enter, or press ? or * to list all spells.
Aiming: Slow (safe; 17% risk of failure)
Press: ? - help, Shift-Dir - straight line, f - orc priest
Aim: an orc priest (chance to defeat MR: 47%)
You miscast Slow.
You are very lightly contaminated with residual magic.
Your skin tingles.
Casting: Slow (safe; 17% risk of failure)
Confirm with . or Enter, or press ? or * to list all spells.
Aiming: Corona (safe; 12% risk of failure)
Press: ? - help, Shift-Dir - straight line, f/p - orc priest
Aim: an orc priest (chance to defeat MR: 47%)
The orc priest is outlined in light.
The orc priest hits you. The orc priest hits you.
You climb upwards.
Level annotation: 2 runed doors, CcS's ghost, amateur GnSu
There is a stone staircase leading down here.
Casting: Corona (safe; 12% risk of failure)
Confirm with . or Enter, or press ? or * to list all spells.
Aiming: Slow (safe; 17% risk of failure)
Press: ? - help, Shift-Dir - straight line, f - orc priest
Aim: an orc priest (softly glowing, chance to defeat MR: 47%)
The orc priest seems to slow down.
You hit the orc priest but do no damage.
The orc priest closely misses you.
You barely miss the orc priest.
The orc priest hits you but does no damage.
You hit the orc priest.
The orc priest is moderately wounded.
The orc priest barely misses you.
You hit the orc priest but do no damage.
The orc priest is moderately wounded.
The orc priest hits you.
You hit the orc priest.
The orc priest is heavily wounded.
You hit the orc priest but do no damage.
The orc priest is heavily wounded.
The orc priest stops glowing.
The orc priest hits you.
Casting: Slow (safe; 17% risk of failure)
Confirm with . or Enter, or press ? or * to list all spells.
Aiming: Slow (safe; 17% risk of failure)
Press: ? - help, Shift-Dir - straight line, f/p - orc priest
Aim: an orc priest (heavily wounded, slow, chance to defeat MR: 47%)
The orc priest seems to slow down.
The orc priest mumbles some strange prayers to Beogh against you.
Beogh smites you!
* * * LOW HITPOINT WARNING * * *
Casting: Slow (safe; 17% risk of failure)
Confirm with . or Enter, or press ? or * to list all spells.
Aiming: Corona (safe; 12% risk of failure)
Press: ? - help, Shift-Dir - straight line, f/p - orc priest
Aim: an orc priest (heavily wounded, slow, chance to defeat MR: 47%)
The orc priest is outlined in light.
You puncture the orc priest!
The orc priest is almost dead.
The orc priest mumbles some strange prayers to Beogh against you.
Beogh smites you!
You die...

######.......# #####.#
#.......#....# #.....#
#.......#....###.###.#
#.........<..##..###.######
##.........#.#.#...........
#........................[
#.........#.#....######.##
#####'#.#..##.##........##
#########....@................
#............o##..#..###.#..##
#.....................##.#..#
#...............#.#.#..#.#..#
#####.......##....#.#.#.....#
##########......#.##.#.!#
##.#.....#.....##
##.#####.#......
##.#..........#


You could see an orc priest.

Vanquished Creatures
  A worker ant (D:4)
  A gnoll (D:3)
  2 adders (D:2)
  An ooze (D:3)
  A leopard gecko (D:2)
  4 orcs
  A giant cockroach (D:3)
  4 hobgoblins
  5 jackals
  3 quokkas (D:2)
  A ball python (D:2)
  8 bats
  7 frilled lizards
  7 goblins
  7 kobolds
  6 rats
59 creatures vanquished.

Notes
Turn   | Place    | Note
-------+----------+-------------------------------------------
     0 | D:1      | Amnesiac the Mummy Arcane Marksman began the quest for the
                  | Orb.
     0 | D:1      | Reached XP level 1. HP: 15/15 MP: 2/2
   290 | D:1      | Reached XP level 2. HP: 21/21 MP: 4/4
   910 | D:2      | Reached XP level 3. HP: 22/26 MP: 6/6
  1983 | D:4      | Found a runed door.
  1983 | D:4      | Noticed HydraWiggins's ghost (amateur TrAE)
  2196 | D:3      | Found a large runed door.
  2197 | D:3      | Found a large runed door.
  2199 | D:3      | Noticed CcS's ghost (amateur GnSu)
  2217 | D:3      | Reached XP level 4. HP: 29/32 MP: 4/7
  2400 | D:3      | Noticed Terence
  2472 | D:4      | Learned a level 2 spell: Slow
  2477 | D:4      | Learned a level 4 spell: Cause Fear
  3269 | D:3      | Killed from afar by an orc priest

Vault maps used:
D:1:      dpeg_arrival_shelter, serial_bayou, serial_bayou_lagoon_a,
          serial_bayou_ford_a, serial_bayou_crossing, serial_bayou_pond_a,
          grunt_decor_arrowhead
D:2:      first_ration, minmay_lizard_pond
D:3:      ebering_ghost_disaster_area, grunt_decor_resistance, uniq_terence
D:4:      lemuel_crystal_altar, kennysheep_mini_moat,
          hellmonk_ghost_happy_afterlife, nrook_loot_triangle

Skill      XL: |  1  2  3  4 |
---------------+-------------+-----
Crossbows      | 2 |  2.9
Spellcasting   | 2 3 |  3.0
Hexes          | 3 |  3.6
Fighting       | |  1.0
Dodging        | |  1.5

Action                   |  1- 3 |  4- 6 || total
-------------------------+-------+-------++-------
Melee: Trident           |    12 |    65 ||    77
       Morningstar       |     1 |       ||     1
 Fire: Hand crossbow     |    73 |       ||    73
       Hunting sling     |    67 |       ||    67
 Cast: Corona            |     7 |    15 ||    22
       Slow              |       |     7 ||     7
  Use: Scroll            |     4 |     1 ||     5
Armor: Robe              |     8 |       ||     8
       Ring mail         |    17 |    26 ||    43
Dodge: Dodged            |    78 |    47 ||   125

Table legend:
 A = Non-vault XP
 B = Vault XP
 C = Vault XP percentage of total XP
 D = Non-vault monster count
 E = Vault monster count
 F = Vault count percentage of total count
                 A         B        C        D         E       F
            +---------+---------+-------+---------+---------+-------
      Total |     164 |       4 |   2.4 |      55 |       4 |   6.8
            +---------+---------+-------+---------+---------+-------
        D:1 |      19 |       0 |   0.0 |      16 |       0 |   0.0
        D:2 |      60 |       4 |   6.2 |      20 |       4 |  16.7
        D:3 |      49 |       0 |   0.0 |      16 |       0 |   0.0
        D:4 |      36 |       0 |   0.0 |       3 |       0 |   0.0
            +---------+---------+-------+---------+---------+-------
